 Dungeon Crawl Stone Soup version 0.27-a0-1202-ge72e49191c (webtiles) character file.

Game seed: 13019557000555596334

100 27snakeeyes612 the Skirmisher (level 4, -3/64 HPs)
             Began as a Naga Fighter on June 3, 2021.
             Slain by a gnoll
             ... wielding a +0 spear
              (7 damage)
             ... on level 3 of the Dungeon.
             The game lasted 00:01:21 (2172 turns).

27snakeeyes612 the Skirmisher (Naga Fighter)        Turns: 2172, Time: 00:01:22

Health: -3/64      AC: 22    Str: 19    XL:     4   Next: 74%
Magic:  4/4        EV:  1    Int:  9    God:
Gold:   63         SH:  9    Dex: 10    Spells: 3/3 levels left

rFire    . . .     SeeInvis +   a - +0 war axe
rCold    . . .     Faith    .   c - +0 kite shield
rNeg     + + +     Spirit   .   (armour currently unavailable)
rPois    +         Reflect  .   (helmet currently unavailable)
rElec    .         Harm     .   (cloak currently unavailable)
rCorr    .         Rampage  .   (gloves currently unavailable)
Will     .....     NoTele   +   (no barding)
Stlth    +.........             (no amulet)
HPRegen  0.20/turn              (no ring)
MPRegen  0.09/turn              (no ring)

@: tree-form (expiring)
A: stationary, stasis, torment immunity, boosted hp, AC +1, large, see
invisible, (deformed body), (poison resistance), (slowness 2), spit poison 1,
(naga tail 1)
a: Spit Poison


You were on level 3 of the Dungeon.
You were a tree.
You visited 1 branch of the dungeon, and saw 3 of its levels.

You collected 63 gold pieces.

Inventory:

Hand Weapons
 a - a +0 war axe (weapon)
Missiles
 h - a throwing net
Armour
 b - a +0 scale mail (melded)
 c - a +0 kite shield (worn)
Jewellery
 k - an amulet of regeneration
Scrolls
 e - a scroll of noise {unknown}
 g - 2 scrolls of amnesia {unknown}
 i - a scroll of silence {unknown}
 j - a scroll of identify {unknown}
Potions
 d - a potion of might
 f - a potion of lignification


   Skills:
 + Level 3.6 Fighting
 + Level 3.0 Axes
 + Level 2.9 Armour
 + Level 0.3 Dodging
 + Level 3.0 Shields


You had 3 spell levels left.
You didn't know any spells.
Your spell library contained the following spells:

 Spells                   Type           Power      Damage    Failure   Level
 Animate Skeleton         Necr           0%         N/A       83%         1
 Pain                     Necr           0%         1d4       83%         1
 Vampiric Draining        Necr           0%         2d6       99%         3
 Animate Dead             Necr           0%         N/A       100%        4
 Agony                    Necr           0%         N/A       100%        5


Dungeon Overview and Level Annotations

Branches:
Dungeon (3/15)

Altars:

Shops:
D:1 :


Innate Abilities, Weirdness & Mutations

You are a tree.
Your roots penetrate the ground, keeping you stationary.
You cannot be teleported.
You are immune to unholy pain and torment.
Your maximum health is greatly increased.
Your equipment is partially melded.
((Your serpentine skin is tough. (AC +1)))
You have supernaturally acute eyesight. (SInv)
((Armour fits poorly on your strangely shaped body.))
((Your system is resistant to poisons. (rPois)))
((You cover ground very slowly.))
You can spit poison.
((You have a snake-like lower body.))


Message History

You cannot move.
You cannot move.
You cannot move.
You cannot move.
You cannot move.
You cannot move.
You cannot move.
You cannot move.
You cannot move.
You cannot move.
You cannot move.
You cannot move.
You cannot move.
You cannot move.
You cannot move.
You cannot move.
You cannot move.
You cannot move.
You cannot move.
You cannot move.
You cannot move.
You cannot move.
You cannot move.
You cannot move.
Unknown command.
The gnoll hits you from afar with a +0 spear.
* * * LOW HITPOINT WARNING * * *
The gnoll hits you but does no damage. The gnoll hits you but does no damage.
The gnoll hits you but does no damage. The gnoll hits you but does no damage.
You block the gnoll's attack. You block the gnoll's attack.
The gnoll hits you from afar with a +0 spear.
* * * LOW HITPOINT WARNING * * *
The gnoll hits you but does no damage. You block the gnoll's attack.
Your transformation is almost over.
The gnoll hits you from afar with a +0 spear!
You die...

#.# #.# #.# #.# #.#
#.# #.# #.# #.# # #.#
#.# #.#.#
#.########.#######g#.#
#.......#............#
#.#####.# #######.#.#
#.# #.##########.#.#
#.# #...♣)gg.....# #
#.# #.############ ###
###


You could see 2 gnolls.

Vanquished Creatures
  A hound (D:2)
  A gnoll (D:3)
  A worm (D:2)
  2 dart slugs (D:1)
  2 bats
  4 endoplasms
  A giant cockroach (D:1)
  3 goblins
  6 hobgoblins
  10 jackals (D:1)
  2 kobolds (D:1)
  4 quokkas
  4 ball pythons
  A frilled lizard (D:2)
  5 rats
47 creatures vanquished.

Notes
Turn   | Place    | Note
-------+----------+-------------------------------------------
     0 | D:1      | 27snakeeyes612 the Naga Fighter began the quest for the
                  | Orb.
     0 | D:1      | Reached XP level 1. HP: 21/21 MP: 1/1
   206 | D:1      | Reached XP level 2. HP: 19/28 MP: 2/2
   597 | D:1      | Found a faded altar of an unknown god.
   604 | D:1      | Reached XP level 3. HP: 30/34 MP: 3/3
   972 | D:1      | Found Pollutazy's Book Shoppe.
  1702 | D:2      | Reached XP level 4. HP: 42/43 MP: 4/4
  2172 | D:3      | Slain by a gnoll

Illustrated notes

Levels and vault maps discovered:
D:1:      dpeg_arrival_shelter, layout_loops_ring,
          hellmonk_ecumenical_altar_dog_temple, serial_shops, shop
D:2:      layout_basic
D:3:      layout_basic, chequers_temple_overflow_minitemple, interstate_on_off,
          uniq_natasha, uniq_crazy_yiuf_cottage

Skill      XL: |  1  2  3  4 |
---------------+-------------+-----
Shields        | 3 |  3.0
Axes           | 3 |  3.0
Fighting       | |  3.6
Armour         | |  2.9
Dodging        | |  0.3

Action                   |  1- 3 |  4- 6 || total
-------------------------+-------+-------++-------
Melee: War axe           |    98 |    10 ||   108
 Abil: Spit Poison       |    19 |     6 ||    25
  Use: Potion            |       |     1 ||     1
Armor: Scale mail        |    50 |     3 ||    53
       Skin              |       |    10 ||    10
Dodge: Dodged            |    28 |     2 ||    30
Block: Kite shield       |    71 |    10 ||    81

Table legend: (Time is in decaauts)
 A = Elapsed time spent in this place.
 B = Non-inter-level travel time spent in this place.
 C = Inter-level travel time spent in this place.
 D = Time resting spent in this place.
 E = Time spent auto-exploring this place.
 F = Levels seen in this place.
 G = Mean time per level.
                   A        B        C        D        E       F      G
               +--------+--------+--------+--------+--------+-----+--------+
         Total |   2713 |   2601 |    112 |      0 |   2247 |   3 |  904.3 |
       Dungeon |   2713 |   2601 |    112 |      0 |   2247 |   3 |  904.3 |
               +--------+--------+--------+--------+--------+-----+--------+

Top non-repeatable levels by time:
     D:1: 1484 daAuts
     D:2: 1109 daAuts
     D:3: 119 daAuts
